 Dungeon Crawl Stone Soup version 0.31-a0-277-g31ea1f65cc (webtiles) character file.

Game seed: 3487802737460424536

66038 Newt the Peltast (level 14, -3/97 HPs)
             Began as a Demonspawn Gladiator on July 15, 2023.
             Was the Champion of Hepliaklqana.
             Killed by divine providence
             ... invoked by a meliai
              (14 damage)
             ... on level 1 of the Spider Nest.
             The game lasted 00:30:29 (18416 turns).

Newt the Peltast (Demonspawn Gladiator)            Turns: 18416, Time: 00:30:29

Health: -3/97      AC: 13    Str: 15 (17) XL:     14   Next: 77%
Magic:  0/19       EV: 29    Int:  5 (12) God:    Hepliaklqana [******]
Gold:   230        SH: 13    Dex: 27      Spells: 13/13 levels left

rFire   . . .        R - +8 dagger "Cixkeybb" {freeze, rCorr}
rCold   + . .        i - +3 buckler
rNeg    . . .        d - +4 moon troll leather armour {Spirit, Regen++ MP+5}
rPois   +            M - +2 hat of Mysticism {Regen+}
rElec   .            N - +0 cloak {rPois}
rCorr   +            r - +0 pair of fencer's gloves {Riposte Dex+3}
SInv    .            s - +0 pair of boots
Will    +....        v - amulet of guardian spirit
Stlth   ++           Q - +5 ring of evasion
HPRegen 2.76/turn    H - ring of Ukump {Int+3 Dex+6}
MPRegen 0.16/turn

%: guardian spirit
@: on berserk cooldown, slowed, studying 2 skills, very slow
A: reduced essence, hooves 2, repulsion field 2, ignite blood 2, demonic magic
1, cold resistance 1, deterioration 1
a: Renounce Religion, Recall Ancestor, Ancestor Identity, Transference, Idealise


You were on level 1 of the Spider Nest.
You worshipped Hepliaklqana.
Hepliaklqana was exalted by your worship.
You visited 4 branches of the dungeon, and saw 17 of its levels.
You also visited: Ossuary, Bailey and Gauntlet.

You collected 3106 gold pieces.
You spent 2876 gold pieces at shops.

Inventory:

Hand Weapons
 a - the +1 scimitar "Lorem Ipsum" {antimagic, rF++ Int+3}
   (You found it on level 5 of the Lair of Beasts)

   Int:       It affects your intelligence (+3).
   rF:        It greatly protects you from fire.
 A - a +1 scimitar of flaming
 R - the +8 dagger "Cixkeybb" (weapon) {freeze, rCorr}
   (You took it off a minotaur in a Gauntlet)

   rCorr:     It protects you from acid and corrosion.
Missiles
 D - 4 throwing nets
Armour
 d - the +4 moon troll leather armour (worn) {Spirit, Regen++ MP+5}
   (You bought it in a shop on level 2 of the Orcish Mines)

   MP:        It affects your magic capacity (+5).
   Regen:     It increases your rate of health regeneration.
 i - a +3 buckler (worn)
 r - the +0 pair of fencer's gloves (worn) {Riposte Dex+3}
   (You found it on level 2 of the Dungeon)

   Riposte:   It allows the wearer to riposte with melee weapons, swiftly
   retaliating against missed or blocked melee attacks.
   Dex:       It affects your dexterity (+3).
 s - a +0 pair of boots (worn)
 x - the +2 ring mail "Jitsi" {Dex+3 Slay+2}
   (You bought it in a shop on level 8 of the Dungeon)

   Dex:       It affects your dexterity (+3).
   Slay:      It affects your accuracy & damage with ranged weapons and melee
   (+2).
 M - the +2 hat of Mysticism (worn) {Regen+}
   (You found it in a Gauntlet)

   Regen:     It increases your rate of health regeneration.
 N - a +0 cloak of poison resistance (worn)
Jewellery
 u - a ring of see invisible
 v - an amulet of guardian spirit (around neck)
 F - a ring of flight
 H - the ring of Ukump (right hand) {Int+3 Dex+6}
   (You acquired it on level 1 of the Lair of Beasts)

   [ring of dexterity]

   Int:       It affects your intelligence (+3).
   Dex:       It affects your dexterity (+6).
 Q - a +5 ring of evasion (left hand)
 S - a ring of positive energy
Wands
 f - a wand of mindburst (15)
 w - a wand of polymorph (8)
 y - a wand of flame (20)
 C - a wand of iceblast (7)
 W - a wand of charming (4)
Scrolls
 b - a scroll of silence {unknown}
 z - 6 scrolls of teleportation
 L - 2 scrolls of enchant armour
 X - 2 scrolls of poison
Potions
 c - a potion of haste
 g - a potion of resistance
 h - 5 potions of lignification
 j - 5 potions of curing
 l - 5 potions of brilliance
 m - 4 potions of attraction
 n - 8 potions of heal wounds
 o - 3 potions of enlightenment
 I - a potion of might
 O - a potion of ambrosia {unknown}
 Z - a potion of mutation {unknown}
Miscellaneous
 T - a phial of floods
 Y - a lightning rod (4/4)


   Skills:
 + Level 9.5 Fighting
 - Level 7.9(10.0) Short Blades
 - Level 9.5(10.7) Long Blades
 - Level 4.0 Polearms
 - Level 1.7 Throwing
 - Level 10.0 Dodging
 - Level 15.0 Shields
 - Level 13.0 Evocations


You had 13 spell levels left.
You didn't know any spells.
Your spell library contained the following spells:

 Spells                   Type           Power      Damage    Failure   Level
 Necrotise                Necr           0%         1d4       58%         1
 Slow                     Hex            0%         N/A       58%         1
 Lesser Beckoning         Tloc           0%         N/A       75%         2
 Call Canine Familiar     Summ           0%         N/A       92%         3
 Confusing Touch          Hex            0%         N/A       92%         3
 Frozen Ramparts          Ice            0%         1d1       92%         3
 Gell's Gravitas          Tloc           0%         N/A       92%         3
 Portal Projectile        Hex/Tloc       0%         N/A       92%         3
 Teleport Other           Tloc           0%         N/A       92%         3
 Vampiric Draining        Necr           0%         2d6       92%         3
 Vhi's Electric Charge    Tloc/Air       0%         N/A       92%         3
 Animate Armour           Summ/Erth      0%         N/A       100%        4
 Animate Dead             Necr           0%         N/A       100%        4
 Leda's Liquefaction      Hex/Erth       0%         N/A       100%        4
 Olgreb's Toxic Radiance  Pois           0%         N/A       100%        4
 Summon Ice Beast         Ice/Summ       0%         N/A       100%        4
 Summon Lightning Spire   Summ/Air       0%         N/A       100%        4
 Lee's Rapid Deconstruct  Erth           0%         3d4*      100%        5
 Summon Forest            Summ/Tloc      0%         N/A       100%        5
 Summon Mana Viper        Hex/Summ       0%         N/A       100%        5
 Plasma Beam              Fire/Air       0%         2x1d10    100%        6
 Haunt                    Necr/Summ      0%         N/A       100%        7
 Monstrous Menagerie      Summ           0%         N/A       100%        7
 Discord                  Hex            0%         N/A       100%        8
 Ignition                 Fire           0%         3d3       100%        8
 Infestation              Necr           0%         N/A       100%        8
 Dragon's Call            Summ           0%         N/A       100%        9


Dungeon Overview and Level Annotations

Branches:
Dungeon (10/15)            Temple (0/1) D:4            Lair (5/5) D:10
 Shoals (0/4) Lair:3       Spider (1/4) Lair:2        Slime (0/5) Lair:4
    Orc (2/2) D:9             Elf (0/3) Orc:2       Ossuary (visited)
 Bailey (visited)         Gauntlet (visited)

Altars:
Hepliaklqana
Nemelex Xobeh
Yredelemnul
Jiyva

Shops:
D:5 (   D:8 [   D:9 *   Orc:1 :   Orc:2 !*[:


Innate Abilities, Weirdness & Mutations

Your life essence is reduced to manifest your ancestor. (-10% HP)
You have hoof-like feet.
You are surrounded by a moderate repulsion field. (EV +3)
Your demonic aura often causes spilled blood to erupt in flames.
Spells you cast may paralyse adjacent enemies.
Your flesh is cold resistant. (rC+)
Your body sometimes deteriorates upon taking damage.


Message History

The wolf spider is heavily wounded.
The wolf spider bites you but does no damage.
The jumping spider leaps!
The meliai calls down the wrath of its god upon you.
Something smites you!
* * * LOW HITPOINT WARNING * * *
You block the wolf spider's attack. The wolf spider closely misses you.
The meliai invokes the aid of its god against you.
Something smites you!
* * * LOW HITPOINT WARNING * * *
Unknown command.
Unknown command.
Unknown command.
You hit the meliai but do no damage.
The meliai is almost dead.
The wolf spider barely misses you.
You riposte.
You hit the wolf spider. You freeze the wolf spider.
The wolf spider is heavily wounded.
The wolf spider misses you.
The meliai mumbles some strange prayers to its god against you.
Something smites you!
* * * LOW HITPOINT WARNING * * *
Unknown command.
Unknown command.
Unknown command.
You feel much better. The wolf spider misses you.
You block the wolf spider's attack. The redback completely misses you.
You riposte.
You hit the redback. You freeze the redback.
The redback is lightly wounded.
The meliai closely misses you. You block the meliai's attack.
The wolf spider hits you!!
* * * LOW HITPOINT WARNING * * *
Your body deteriorates!
You feel weakened. The wolf spider closely misses you.
The redback barely misses you. The meliai misses you.
You block the meliai's attack.
You riposte.
You hit the meliai. You freeze the meliai.
You kill the meliai!
The meliai calls down the wrath of its god upon you.
Something smites you!
You die...

####.......#..#.......
#...#.......#.#...##..
#......#.#............
##.....#..#.#..#.......
##...#..#.......^#..#...
#....#........#.......#.
#....#........<†#.#..##..
#.#...†#####s#............
##....# #.s)@§††#........
#....# ##ys####..#...#.#
##... #.y# ##.........
#..# ##s.###.......#.. ##.
###..y##......##... #
.###.##....#....## ..#
...........#...#.# ..
.......#....#....#
..#.#^#^.........s


You could see a wolf spider (berserk), a moth of wrath, an orb spider (charged),
2 redbacks and 2 meliai.

Vanquished Creatures
  Rupert (Lair:4)
  An orc warlord (Orc:2)
  The ghost of Rutzi the Markskobold, a journeyman KoHu of Dithmenos (Orc:1)
  A minotaur (Gauntlet)
  Josephine (Lair:4)
  Harold (D:9)
  A radroach (Spider:1)
  2 two-headed ogres
  3 orc high priests
  A skyshark (Lair:5)
  2 pharaoh ants (Spider:1)
  A wizard (Gauntlet)
  Pikel (D:9)
  2 orc knights (Orc:1)
  4 orc sorcerers
  2 wolf spiders (Spider:1)
  A moth of wrath (Spider:1)
  A merfolk siren (Lair:3)
  3 elephants (Lair:4)
  3 black mambas
  A torpor snail (Lair:5)
  11 cane toads
  2 rime drakes (Lair:5)
  4 komodo dragons
  4 meliai
  3 trolls
  12 polar bears
  3 tarantellas (Spider:1)
  A hornet (D:9)
  5 blink frogs (Lair:2)
  9 dream sheep (Lair:5)
  3 raiju (Lair:5)
  4 jumping spiders (Spider:1)
  9 flying skulls (Gauntlet)
  2 shadows
  29 yaks
  2 culicivoras (Spider:1)
  4 wyverns
  A wraith (Lair:4)
  5 basilisks
  3 redbacks (Spider:1)
  7 wargs
  An acid dragon (Lair:5)
  9 hell hounds (Lair:5)
  13 water moccasins
  23 orc warriors
  14 black bears
  An ice beast (D:7)
  A sky beast (D:5)
  4 ogres
  18 wolves
  10 centaurs
  2 kobold brigands
  10 bullfrogs
  A gnoll sergeant (D:10)
  4 scorpions
  2 wights (D:8)
  4 howler monkeys
  25 orc priests
  3 hounds
  4 jellies
  3 iguanas
  10 orc wizards
  A mummy (Ossuary)
  6 gnolls
  8 adders
  A white imp (Gauntlet)
  An ufetubus (D:7)
  2 worms
  3 dart slugs
  65 orcs
  7 ball pythons
  14 endoplasms
  4 giant cockroaches
  8 hobgoblins
  4 jackals (D:3)
  10 quokkas
  5 bats
  5 frilled lizards
  3 gnoll zombies (Ossuary)
  9 goblins
  5 goblin zombies (Ossuary)
  2 hobgoblin zombies (Ossuary)
  16 kobolds
  An orc zombie (Ossuary)
  4 rats
503 creatures vanquished.

Vanquished Creatures (collateral kills)
  The ghost of Ogyasib the Eclecticist, an adept SpCj of Vehumet (Orc:1)
  A fire dragon (Lair:5)
  A hydra (Lair:5)
  2 two-headed ogres (D:10)
  Erica (D:9)
  An orc high priest (Orc:2)
  A swamp dragon (Lair:5)
  3 elephants (Lair:4)
  An unseen horror (D:10)
  2 rime drakes (Lair:5)
  4 komodo dragons
  A raiju (Lair:5)
  4 blink frogs
  3 jumping spiders
  2 wraiths (Lair:4)
  15 yaks
  A wyvern (D:10)
  A warg (Lair:5)
  3 acid dragons
  5 water moccasins
  12 orc warriors
  2 hell hounds (Lair:5)
  A swamp drake (Lair:5)
  An ice beast (D:7)
  2 black bears (Lair:5)
  An ogre (Orc:1)
  5 wolves
  3 centaurs
  4 bullfrogs
  A gnoll sergeant (D:9)
  2 wights (D:8)
  A howler monkey (D:9)
  9 orc priests
  An iguana (Lair:5)
  13 orc wizards
  A mummy (Ossuary)
  3 gnolls
  A white imp (Gauntlet)
  29 orcs
  A goblin (D:10)
  5 kobolds
  A goblin zombie (Ossuary)
  A hobgoblin zombie (Ossuary)
  An orc zombie (Ossuary)
  A butterfly (Lair:2)
155 creatures vanquished.

Vanquished Creatures (others)
  An orc warrior (Orc:2)
  An orc priest (Orc:2)
  8 battlemagi
  3 orcs (Orc:2)
13 creatures vanquished.

Grand Total: 671 creatures vanquished

Notes
Turn   | Place    | Note
-------+----------+-------------------------------------------
     0 | D:1      | Newt the Demonspawn Gladiator began the quest for the Orb.
     0 | D:1      | Reached XP level 1. HP: 16/16 MP: 1/1
   115 | D:1      | Gained mutation: You are surrounded by a mild repulsion
                  | field. (EV +2) [demonic ancestry]
   115 | D:1      | Reached XP level 2. HP: 5/23 MP: 2/2
   535 | D:1      | Reached XP level 3. HP: 29/29 MP: 3/3
  1216 | D:2      | Reached skill level 1 in Shields
  1257 | D:2      | Found the +0 pair of fencer's gloves {Riposte Dex+3}
  1369 | D:2      | Gained mutation: You have large cloven feet. [demonic
                  | ancestry]
  1369 | D:2      | Reached XP level 4. HP: 37/37 MP: 4/4
  2494 | D:3      | Reached skill level 2 in Shields
  2665 | D:3      | Found a hazy altar of Hepliaklqana.
  2682 | D:3      | Became a worshipper of Hepliaklqana the Forgotten
  2739 | D:3      | Found a sparkling altar of Nemelex Xobeh.
  3153 | D:4      | Noticed an ogre
  3161 | D:4      | Killed an ogre
  3162 | D:4      | Reached skill level 3 in Shields
  3162 | D:4      | Reached XP level 5. HP: 8/42 MP: 5/5
  3559 | D:4      | Reached skill level 4 in Shields
  3561 | D:4      | Reached XP level 6. HP: 30/48 MP: 6/6
  3727 | D:4      | Identified the +7 spear of Uncertain Death {freeze, Will+}
  4116 | D:4      | Reached skill level 5 in Dodging
  4116 | D:4      | Reached XP level 7. HP: 39/54 MP: 7/7
  4296 | D:4      | Reached * piety under Hepliaklqana
  4423 | D:4      | Found a staircase to the Ecumenical Temple.
  4608 | D:5      | Entered Level 5 of the Dungeon
  4694 | D:5      | Found a sand-covered staircase.
  4700 | Ossuary  | Entered an ossuary
  4819 | D:5      | Reached skill level 1 in Polearms
  4858 | D:5      | Found Mibluoh's Weapon Shop.
  5198 | D:5      | Gained mutation: You have hoof-like feet. [demonic
                  | ancestry]
  5198 | D:5      | Reached XP level 8. HP: 54/54 MP: 8/8
  5292 | D:5      | You fall into a shaft and drop 2 floors!
  5728 | D:7      | Found a basalt altar of Yredelemnul.
  5731 | D:7      | Reached ** piety under Hepliaklqana
  5732 | D:7      | Remembered your ancestor Aylmer as a battlemage
  5824 | D:7      | Reached XP level 9. HP: 43/58 MP: 9/9
  6231 | D:8      | Reached skill level 10 in Dodging
  6476 | D:8      | Reached skill level 5 in Fighting
  6947 | D:8      | Found Cocoisim's Armour Boutique.
  6953 | D:8      | Bought the +2 ring mail "Jitsi" {Dex+3 Slay+2} for 464 gold
                  | pieces
  7035 | D:8      | Got the Annotations on Dark Creation
  7507 | D:9      | Reached XP level 10. HP: 65/71 MP: 8/10
  7528 | D:9      | Reached *** piety under Hepliaklqana
  7579 | D:9      | Found a staircase to the Orcish Mines.
  7714 | D:9      | Noticed Erica
  7727 | D:9      | Killed Erica
  7728 | D:9      | Reached skill level 5 in Long Blades
  7938 | D:9      | Noticed a two-headed ogre
  7943 | D:9      | Killed a two-headed ogre
  7944 | D:9      | Reached skill level 5 in Shields
  8009 | D:9      | Noticed Harold
  8019 | D:9      | Killed Harold
  8020 | D:9      | Reached skill level 6 in Shields
  8063 | D:9      | Noticed Pikel
  8067 | D:9      | Killed Pikel
  8068 | D:9      | Reached skill level 7 in Shields
  8290 | D:9      | Noticed an angel
  8294 | D:9      | Found Junustrai's Hallowed Reliquary.
  8302 | D:9      | Bought a potion of heal wounds for 55 gold pieces
  8421 | D:10     | Entered Level 10 of the Dungeon
  8435 | D:10     | Reached skill level 8 in Shields
  8435 | D:10     | Gained mutation: You are surrounded by a moderate repulsion
                  | field. (EV +3) [demonic ancestry]
  8435 | D:10     | Reached XP level 11. HP: 56/75 MP: 9/11
  8461 | D:10     | Found a staircase to the Lair.
  8464 | D:10     | Noticed a two-headed ogre
  8474 | D:10     | Killed a two-headed ogre
  8495 | D:10     | Noticed a two-headed ogre
  8503 | D:10     | Killed a two-headed ogre
  8504 | D:10     | Reached skill level 9 in Shields
  8661 | D:10     | Found a flagged portal.
  8668 | Bailey   | Entered a bailey
  9118 | Bailey   | Reached skill level 10 in Shields
  9141 | Bailey   | Reached skill level 1 in Evocations
  9475 | D:10     | Acquired 897 gold pieces
  9690 | D:10     | Reached **** piety under Hepliaklqana
 10071 | Lair:1   | Entered Level 1 of the Lair of Beasts
 10093 | Lair:1   | Reached skill level 5 in Evocations
 10159 | Lair:1   | Acquired the ring of Ukump {Int+3 Dex+6}
 10796 | Lair:2   | Gained mutation: Your demonic aura sometimes causes spilled
                  | blood to erupt in flames. [demonic ancestry]
 10796 | Lair:2   | Reached XP level 12. HP: 81/81 MP: 12/12
 10841 | Lair:2   | Found a hole to the Spider Nest.
 10920 | Lair:2   | Found a gate leading to a gauntlet.
 10930 | Gauntlet | Entered a Gauntlet
 10930 | Gauntlet | Found a transporter.
 10930 | Gauntlet | Found a transporter.
 10930 | Gauntlet | Found a transporter.
 10973 | Gauntlet | Found a transporter.
 10975 | Gauntlet | Found a large runed translucent door.
 10976 | Gauntlet | Found a large runed translucent door.
 10977 | Gauntlet | Found a large runed translucent door.
 10977 | Gauntlet | Found a large runed translucent door.
 10977 | Gauntlet | Found a runed translucent door.
 10977 | Gauntlet | Found a runed translucent door.
 10978 | Gauntlet | Found a large runed translucent door.
 10979 | Gauntlet | Found a large runed translucent door.
 10980 | Gauntlet | Found a large runed translucent door.
 10980 | Gauntlet | Found a large runed translucent door.
 10981 | Gauntlet | Found a runed translucent gate.
 10981 | Gauntlet | Found a runed translucent gate.
 10981 | Gauntlet | Found a runed translucent gate.
 10983 | Gauntlet | Found a transporter.
 10987 | Gauntlet | Found a transporter.
 10990 | Gauntlet | Noticed a catoblepas
 10997 | Gauntlet | Found a transporter.
 11018 | Gauntlet | Found a transporter.
 11035 | Gauntlet | Found a transporter.
 11039 | Gauntlet | Found a transporter.
 11049 | Gauntlet | Found a transporter.
 11053 | Gauntlet | Found a transporter.
 11089 | Gauntlet | Found a large runed translucent door.
 11090 | Gauntlet | Found a large runed translucent door.
 11091 | Gauntlet | Found a large runed translucent door.
 11091 | Gauntlet | Found a large runed translucent door.
 11092 | Gauntlet | Found a large runed translucent door.
 11093 | Gauntlet | Found a large runed translucent door.
 11094 | Gauntlet | Found a large runed translucent door.
 11094 | Gauntlet | Found a large runed translucent door.
 11389 | Gauntlet | Identified the +4 rapier of Circularity {holy, rC+ Str+3
                  | Int+2}
 11392 | Gauntlet | Identified the +2 hat of Mysticism {Regen+}
 11434 | Gauntlet | Reached skill level 10 in Evocations
 11570 | Gauntlet | Identified the +8 dagger "Cixkeybb" {freeze, rCorr}
 11570 | Gauntlet | Noticed a minotaur
 11580 | Gauntlet | Killed a minotaur
 11694 | Gauntlet | Identified the staff of Chaos {Str+2 Earth}
 11695 | Gauntlet | Got the Folio of Weathered Algor
 11887 | Lair:2   | Reached ***** piety under Hepliaklqana
 12373 | Lair:3   | Found a staircase to the Shoals.
 13166 | Lair:4   | Found a viscous altar of Jiyva.
 13166 | Lair:4   | Found a staircase to the Slime Pits.
 13268 | Lair:4   | Gained mutation: Spells you cast may paralyse adjacent
                  | enemies. [demonic ancestry]
 13268 | Lair:4   | Reached XP level 13. HP: 72/86 MP: 9/13
 13499 | Lair:4   | Noticed Josephine
 13508 | Lair:4   | Killed Josephine
 13575 | Lair:4   | Reached skill level 11 in Shields
 13693 | Lair:4   | Reached skill level 12 in Shields
 13763 | Lair:4   | Noticed Rupert
 13774 | Lair:4   | Killed Rupert
 14290 | Lair:5   | Entered Level 5 of the Lair of Beasts
 14310 | Lair:5   | Reached skill level 13 in Shields
 14464 | Lair:5   | Identified the +7 halberd "Cykkouga" {pain, rF+ rN+ Str+4
                  | Stlth-}
 14473 | Lair:5   | Reached skill level 14 in Shields
 14648 | Lair:5   | Reached skill level 15 in Shields
 14839 | Lair:5   | Noticed a fire dragon
 14846 | Lair:5   | Killed a fire dragon
 15093 | Lair:5   | Gained mutation: Your demonic aura often causes spilled
                  | blood to erupt in flames. [demonic ancestry]
 15093 | Lair:5   | Reached XP level 14. HP: 74/92 MP: 10/14
 15183 | Lair:5   | Identified the +1 scimitar "Lorem Ipsum" {antimagic, rF++
                  | Int+3}
 15644 | Orc:1    | Entered Level 1 of the Orcish Mines
 15644 | Orc:1    | Found Vapsic's Book Shop.
 15693 | Orc:1    | Bought a manual of Fighting for 1120 gold pieces
 16059 | Orc:1    | Reached ****** piety under Hepliaklqana
 16179 | Orc:1    | Found a runed translucent gate.
 16179 | Orc:1    | Found a runed translucent gate.
 16179 | Orc:1    | Found a runed translucent gate.
 16183 | Orc:1    | Noticed Ogyasib's ghost (adept SpCj)
 16183 | Orc:1    | Noticed Rutzi's ghost (journeyman KoHu)
 16217 | Orc:1    | Killed Ogyasib's ghost
 16218 | Orc:1    | Reached skill level 5 in Short Blades
 16244 | Orc:1    | Killed Rutzi's ghost
 16408 | Orc:2    | Entered Level 2 of the Orcish Mines
 16413 | Orc:2    | Noticed an orc warlord
 16421 | Orc:2    | Gained mutation: Your body sometimes deteriorates upon
                  | taking damage. [a neqoxec]
 16459 | Orc:2    | Killed an orc warlord
 16478 | Orc:2    | Gained mutation: Your flesh is cold resistant. (rC+) [a
                  | neqoxec]
 16892 | Orc:2    | HP: 3/92 [orc high priest/divine providence (9)]
 17448 | Orc:2    | Found a staircase to the Elven Halls.
 17794 | Orc:2    | Found Piruph Wulerph's Assorted Antiques.
 17794 | Orc:2    | Found Bighejod's Distillery.
 17795 | Orc:2    | Found Sueneps's Armour Emporium.
 17799 | Orc:2    | Found Ivituett's Book Emporium.
 17802 | Orc:2    | Bought a scroll labelled BIFUAFRENEAG for 25 gold pieces
 17805 | Orc:2    | Bought a potion of haste for 170 gold pieces
 17805 | Orc:2    | Bought 2 potions of heal wounds for 170 gold pieces
 17830 | Orc:2    | Bought the +4 moon troll leather armour {Spirit, Regen++
                  | MP+5} for 872 gold pieces
 17830 | Orc:2    | Found the +4 moon troll leather armour {Spirit, Regen++
                  | MP+5}
 18010 | Spider:1 | Entered Level 1 of the Spider Nest
 18416 | Spider:1 | Killed from afar by a meliai

Illustrated notes

Levels and vault maps discovered:
D:1:      zaba_arrival_water, layout_loops_ring, minmay_tree_intersection,
          kennysheep_nondescript, minmay_distorted
D:2:      layout_loops_corners, minmay_small_reverse_x
D:3:      layout_basic, old_standard_altar, nemelex_dance_club_becter
D:4:      cheibrodos_fertilizer, layout_loops_corners,
          minmay_temple_entry_nine_rooms
D:5:      layout_basic, nicolae_ossuary_entry_false_entrances,
          nicolae_stop_n_shop_2
D:7:      layout_loops_ring, yredelemnul_altar_generic
D:8:      layout_basic, serial_shops, nicolae_shop_trees
D:9:      layout_stronghold, david_orc_3, nicolae_good_shop, uniq_harold,
          uniq_erica, uniq_pikel
D:10:     layout_long_grid, due_lair_maze_entry_diamond, enter_bailey_3
Lair:1:   layout_hall_layers, minmay_hedge_maze
Lair:2:   layout_chaotic_city, spider_nest_entry_a, gauntlet_entry_generic,
          lemuel_fruit_fields
Lair:3:   layout_roguey, minmay_shoals_entry_lonely_mermaid,
          chequers_serial_rivers_large_b, beast_lair_carwin_10
Lair:4:   layout_layer_cave, slime_entry_1, uniq_josephine, uniq_rupert
Lair:5:   guppyfry_lair_end_dragon, layout_hall_layers,
          hangedman_lair_caniforms_friends, grunt_megastairs_3
Spider:1: layout_spider_delve
Orc:1:    layout_diamond_mine, gammafunk_ghost_cemetery, serial_shops, shop,
          guppyfry_orc_lava_fort
Orc:2:    st_orc_mages, layout_caves, basic_altar

Skill      XL: |  1  2  3  4  5  6  7  8  9 10 11 12 13 14 |
---------------+-------------------------------------------+-----
Fighting       | 3 4 7 9 |  9.5
Shields        | 1 3 4 8 10 15 | 15.0
Dodging        | 3 5 6 8 10 | 10.0
Polearms       | 3 4 |  4.0
Long Blades    | 3 5 8 9 |  9.5
Evocations     | 7 13 | 13.0
Short Blades   | 7 |  7.9
Throwing       | |  1.7

Action                     |  1- 3 |  4- 6 |  7- 9 | 10-12 | 13-15 || total
---------------------------+-------+-------+-------+-------+-------++-------
  Melee: Rapier            |    58 |       |       |       |       ||    58
         Punch             |     1 |       |       |       |       ||     1
         Dagger            |    49 |   128 |       |       |   339 ||   516
         Kick              |       |    44 |       |       |       ||    44
         Spear             |       |    31 |   223 |    29 |       ||   283
         Scimitar          |       |       |       |   298 |   250 ||   548
  Throw: Throwing net      |     6 |     1 |       |     2 |       ||     9
         Javelin           |     1 |       |       |       |       ||     1
         Dart              |       |       |       |       |     2 ||     2
 Invoke: Recall Ancestor   |       |       |     2 |       |     3 ||     5
         Ancestor Life: Ba |       |       |     1 |       |       ||     1
  Evoke: Wand              |       |       |     1 |    10 |     7 ||    18
    Use: Scroll            |     2 |     4 |     7 |     6 |     4 ||    23
         Potion            |       |       |     4 |     2 |     2 ||     8
   Stab: Sleeping          |     1 |     2 |     4 |       |       ||     7
         Distracted        |       |       |     3 |    13 |    13 ||    29
         Held in net/web   |       |       |       |     1 |       ||     1
         Confused          |       |       |       |       |     1 ||     1
 Armour: Leather armour    |    23 |    24 |    22 |       |       ||    69
         Ring mail         |       |       |     4 |    41 |    51 ||    96
         Troll leather arm |       |       |       |       |    16 ||    16
  Dodge: Dodged            |    63 |    65 |    83 |   265 |   595 ||  1071
  Block: Buckler           |    27 |    54 |    64 |   189 |   399 ||   733
Riposte: Dagger            |       |    15 |       |       |   125 ||   140
         Spear             |       |     6 |    42 |     1 |       ||    49
         Scimitar          |       |       |       |   126 |   133 ||   259

Table legend: (Time is in decaauts)
 A = Elapsed time spent in this place.
 B = Non-inter-level travel time spent in this place.
 C = Inter-level travel time spent in this place.
 D = Time resting spent in this place.
 E = Time spent auto-exploring this place.
 F = Levels seen in this place.
 G = Mean time per level.
                   A        B        C        D        E       F      G
               +--------+--------+--------+--------+--------+-----+--------+
         Total |  18400 |  17656 |    744 |   3430 |  10868 |  20 |  920.0 |
       Dungeon |   9259 |   8889 |    370 |   1707 |   5879 |   9 | 1028.8 |
          Lair |   5100 |   4847 |    253 |    370 |   3501 |   5 | 1020.0 |
   Spider Nest |    166 |    166 |      0 |     17 |     51 |   1 |  166.0 |
  Orcish Mines |   2172 |   2054 |    118 |    726 |    896 |   2 | 1086.0 |
       Ossuary |    104 |    104 |      0 |      0 |     54 |   1 |  104.0 |
        Bailey |    824 |    824 |      0 |    219 |    327 |   1 |  824.0 |
      Gauntlet |    773 |    773 |      0 |    391 |    159 |   1 |  773.0 |
               +--------+--------+--------+--------+--------+-----+--------+

Top non-repeatable levels by time:
     D:4: 1827 daAuts
   Orc:1: 1541 daAuts
     D:8: 1352 daAuts
     D:2: 1307 daAuts
  Lair:5: 1275 daAuts
  Lair:4: 1142 daAuts
     D:1: 1060 daAuts
     D:9: 1031 daAuts
  Lair:3: 975 daAuts
  Lair:2: 967 daAuts
    D:10: 904 daAuts
  Bailey: 824 daAuts
     D:7: 776 daAuts
Gauntlet: 773 daAuts
     D:3: 744 daAuts
